 Dungeon Crawl Stone Soup version 0.22-a0-587-g7d32d7c (webtiles) character file.

2025 iamserjio the Covered (level 9, 5/61 HPs)
             Began as a Halfling Berserker on July 4, 2018.
             Was a Priest of Trog.
             Quit the game on level 9 of the Dungeon.
             The game lasted 00:15:55 (2123 turns).

iamserjio the Covered (Halfling Berserker)          Turns: 2123, Time: 00:15:55

Health: 5/61       AC: 13    Str: 21    XL:     9   Next: 47%
Magic:  9/9        EV: 16    Int:  5    God:    Trog [***...]
Gold:   232        SH:  0    Dex: 14    Spells: 8/8 levels left

rFire    . . .     SeeInvis .   a - +0 hand axe
rCold    + . .     Gourm    .   (shield restricted)
rNeg     . . .     Faith    .   r - +0 chain mail
rPois    .         Spirit   .   (no helmet)
rElec    .         Reflect  .   (no cloak)
rCorr    .         Harm     .   o - +0 pair of gloves
MR       .....                  n - +0 pair of boots
Stlth    ..........             (no amulet)
HPRegen  0.20/turn              f - +3 ring of evasion
MPRegen  0.11/turn              p - ring of protection from cold

@: lethally poisoned (5 -> -2), berserk cooldown, slowed, very slow
A: small, mutation resistance 1
a: Berserk, Trog's Hand, Renounce Religion


You were on level 9 of the Dungeon.
You worshipped Trog.
Trog was most pleased with you.
You were hungry.

You visited 1 branch of the dungeon, and saw 9 of its levels.

You collected 232 gold pieces.

Inventory:

Hand Weapons
 a - a +0 hand axe (weapon)
 i - a +2 mace of holy wrath
 k - a +1 quarterstaff of speed
 u - a -1 war axe
 A - a +0 blowgun
Missiles
 s - 7 javelins
 w - 4 steel tomahawks (quivered)
 B - 9 poisoned needles
Armour
 b - a +0 animal skin
 e - a +0 leather armour
 j - a +0 scale mail
 n - a +0 pair of boots (worn)
 o - a +0 pair of gloves (worn)
 r - a +0 chain mail (worn)
 t - a +1 robe of magic resistance
Jewellery
 f - a +3 ring of evasion (left hand)
 p - a ring of protection from cold (right hand)
Scrolls
 d - 4 scrolls of remove curse {@r2}
 g - a scroll of fear {unknown}
 h - 2 scrolls of blinking {unknown}
 l - 4 scrolls of identify {unknown}
 m - a scroll of enchant armour {unknown}
 v - a scroll of torment {unknown}
 x - a scroll of magic mapping {unknown}
 y - a scroll of teleportation {unknown}
 z - a scroll of fog {unknown}
Comestibles
 c - 5 rations
 q - 3 chunks of flesh


   Skills:
 + Level 5.1 Fighting
 * Level 7.4 Axes
 * Level 7.8 Armour
 + Level 5.6 Dodging


You had 8 spell levels left.
You didn't know any spells.
Your spell library was empty.

Dungeon Overview and Level Annotations

Branches:
Dungeon (9/15)             Temple (0/1) D:5
   Lair: D:8-11         Orc: D:9-12

Altars:
Ashenzari
Makhleb
Qazlal
Ru
Sif Muna
Vehumet
Wu Jian
Xom

Annotations:
D:3 iamserjio's ghost, amateur DgFE


Innate Abilities, Weirdness & Mutations

You are small and have problems with some larger weapons.
You are somewhat resistant to further mutation.


Message History

The killer bee closely misses you.
You feel sick. The killer bee misses you. The wight completely misses you.
The killer bee barely misses you. The wight barely misses you.
You feel sick. The killer bee barely misses you.
The wight hits you but does no damage. The killer bee stings you.
* * * LOW HITPOINT WARNING * * *
The killer bee closely misses you.
The killer bee stings you but does no damage.
The wight hits you but does no damage.
You feel sick. The killer bee barely misses you. The killer bee misses you.
The wight closely misses you. The killer bee stings you!
* * * LOW HITPOINT WARNING * * *
You are lethally poisoned!
The killer bee poisons you!
* * * LOW HITPOINT WARNING * * *
You feel sick.
The killer bee stings you but does no damage.
The killer bee misses you.
You aren't carrying any potions.
Are you sure you want to abandon this character and quit the game? (Confirm with "yes".)

#####.oK#####.##.....
#....oKo# #.##..<..
#.####O## #.####...
#..#...## ..# ..[.
#......####.#..#####
###.##..?...[.#
#..##O........
#$##zo.##.####
#.@yzz## #
.......###.....#
....### ###..## ...
### .


You could see a two-headed ogre, a killer bee, 3 wights and an orc.

Vanquished Creatures
  A hippogriff (D:7)
  A wyvern (D:8)
  A steam dragon (D:8)
  2 water moccasins
  2 phantoms (D:4)
  An orc warrior (D:7)
  3 ogres
  A big kobold (D:8)
  A bullfrog (D:6)
  A scorpion (D:6)
  A water moccasin skeleton (D:6)
  A centaur zombie (D:5)
  2 crimson imps (D:6)
  3 hounds
  2 orc priests
  An iguana (D:5)
  4 orc wizards
  A bullfrog skeleton (D:7)
  Terence (D:2)
  A worker ant (D:4)
  A worker ant zombie (D:8)
  5 adders
  An ooze (D:1)
  An adder zombie (D:9)
  A worm (D:3)
  A dart slug (D:4)
  6 leopard geckos
  9 orcs
  A bat (D:1)
  6 giant cockroaches
  4 hobgoblins
  8 jackals
  3 quokkas
  2 frilled lizards
  A giant cockroach zombie (D:6)
  11 kobolds
  A leopard gecko skeleton (D:4)
  A quokka skeleton (D:7)
  2 rats
96 creatures vanquished.

Vanquished Creatures (others)
  A plant (D:9)
  4 toadstools (D:1)
5 creatures vanquished.

Grand Total: 101 creatures vanquished

Notes
Turn   | Place    | Note
-------+----------+-------------------------------------------
     0 | D:1      | iamserjio the Halfling Berserker began the quest for the Orb.
     0 | D:1      | Reached XP level 1. HP: 15/15 MP: 1/1
   103 | D:1      | Reached XP level 2. HP: 12/20 MP: 2/2
   204 | D:2      | Reached XP level 3. HP: 13/25 MP: 3/3
   217 | D:2      | Noticed Terence
   231 | D:2      | Killed Terence
   231 | D:2      | Reached XP level 4. HP: 25/31 MP: 4/4
   266 | D:2      | Found a shattered altar of Ashenzari.
   304 | D:2      | Reached ** piety under Trog
   366 | D:3      | Noticed iamserjio's ghost (amateur DgFE)
   414 | D:4      | Noticed a phantom
   458 | D:4      | Killed a phantom
   458 | D:4      | Reached XP level 5. HP: 17/36 MP: 5/5
   504 | D:4      | Reached XP level 6. HP: 32/42 MP: 6/6
   510 | D:4      | Noticed a phantom
   549 | D:4      | Killed a phantom
   562 | D:4      | Noticed an ogre
   600 | D:4      | Killed an ogre
   600 | D:4      | Reached XP level 7. HP: 15/47 MP: 7/7
   805 | D:5      | Entered Level 5 of the Dungeon
   932 | D:4      | Reached skill level 5 in Axes
   970 | D:5      | Reached skill level 5 in Armour
  1054 | D:5      | Found a staircase to the Ecumenical Temple.
  1118 | D:6      | Found a sacrificial altar of Ru.
  1205 | D:6      | Noticed a water moccasin
  1215 | D:6      | Killed a water moccasin
  1240 | D:6      | Reached XP level 8. HP: 47/54 MP: 8/8
  1247 | D:6      | Found an ornate altar of the Wu Jian Council.
  1362 | D:6      | Found a burning altar of Makhleb.
  1362 | D:6      | Found a shimmering altar of Xom.
  1401 | D:6      | Found a deep blue altar of Sif Muna.
  1566 | D:7      | Noticed a hippogriff
  1574 | D:7      | Killed a hippogriff
  1741 | D:7      | Reached skill level 5 in Dodging
  1768 | D:7      | Reached *** piety under Trog
  1858 | D:8      | Reached XP level 9. HP: 57/59 MP: 9/9
  1865 | D:8      | Found a radiant altar of Vehumet.
  1949 | D:8      | Reached skill level 5 in Fighting
  1951 | D:8      | Found a stormy altar of Qazlal.
  2040 | D:8      | HP: 2/61 [wyvern (5)]
  2104 | D:9      | Noticed a two-headed ogre
  2123 | D:9      | Quit the game

Vault maps used:
D:1:      ldierk_walled_garden_2, solitary_fountain
D:2:      nicolae_ashenzari_panopticon, chequers_ecumenical_altar_simple_redux,
          uniq_robin, uniq_terence
D:3:      gammafunk_ghost_arena, kennysheep_generic_room_7
D:4:      lemuel_coloured_pillars_altar, first_ration
D:5:      kennysheep_mini, minmay_temple_entry_poolview
D:6:      grunt_temple_overflow_champion_of_chaos, overflow_temple_1_default,
          lemuel_doored_altar, led_sif_pool
D:7:      serial_shops, shop
D:8:      lemuel_round_altar, kennysheep_mini_moat, overflow_temple_1_default,
          kennysheep_little_box, old_standard_altar, the_bakery, grunt_potential
D:9:      david_lair_shrubbed, serial_shops, nicolae_shop_trees, roderic_batcave

Skill      XL: |  1  2  3  4  5  6  7  8  9 |
---------------+----------------------------+-----
Fighting       | 3 4 5 |  5.1
Armour         | 3 4 5 7 |  7.8
Axes           | 4 5 6 7 |  7.4
Dodging        | 3 4 5 |  5.6

Action                   |  1- 3 |  4- 6 |  7- 9 || total
-------------------------+-------+-------+-------++-------
Melee: Hand axe          |    53 |   110 |   340 ||   503
       Quarterstaff      |       |       |     6 ||     6
Invok: Berserk           |     1 |     5 |     8 ||    14
       Trog's Hand       |       |     3 |     5 ||     8
  Use: Potion            |       |     1 |     2 ||     3
       Scroll            |       |       |     1 ||     1
  Eat: Chunk             |       |     3 |    13 ||    16
       Ration            |       |       |     1 ||     1
Armor: Animal skin       |     3 |       |       ||     3
       Leather armour    |    11 |       |       ||    11
       Scale mail        |       |    38 |    21 ||    59
       Chain mail        |       |       |   102 ||   102
Dodge: Dodged            |    46 |    97 |   279 ||   422

Table legend:
 A = Spawn XP
 B = Non-spawn XP
 C = Spawn XP percentage of total XP
 D = Spawn monster count
 E = Non-spawn monster count
 F = Spawn count percentage of total count
 G = Total turns spent on level
                    A         B        C        D         E        F      G
               +---------+---------+-------+---------+---------+-------+---------
         Total |       0 |    2893 |   0.0 |       0 |      96 |   0.0 |  2123
               +---------+---------+-------+---------+---------+-------+---------
           D:1 |       0 |      35 |   0.0 |       0 |      14 |   0.0 |   224
           D:2 |       0 |      63 |   0.0 |       0 |       9 |   0.0 |   114
           D:3 |       0 |      26 |   0.0 |       0 |      12 |   0.0 |    76
           D:4 |       0 |     450 |   0.0 |       0 |       9 |   0.0 |   434
           D:5 |       0 |     179 |   0.0 |       0 |       9 |   0.0 |   267
           D:6 |       0 |     699 |   0.0 |       0 |      15 |   0.0 |   390
           D:7 |       0 |     621 |   0.0 |       0 |      14 |   0.0 |   361
           D:8 |       0 |     798 |   0.0 |       0 |      10 |   0.0 |   223
           D:9 |       0 |      22 |   0.0 |       0 |       4 |   0.0 |    34
               +---------+---------+-------+---------+---------+-------+---------
